 Dungeon Crawl Stone Soup version 0.20.1-1-g8b1a95d (console) character file.

367 rafael the Gusty (level 7, -3/41 HPs)
             Began as a Halfling Air Elementalist on July 7, 2017.
             Was a Follower of Ashenzari.
             Slain by Crazy Yiuf
             ... wielding a +4 quarterstaff of chaos
              (13 damage)
             ... on level 3 of the Dungeon.
             The game lasted 00:12:27 (2273 turns).

rafael the Gusty (Halfling Air Elementalist)        Turns: 2273, Time: 00:12:28

Health: -3/41      AC:  4    Str:  9    XL:     7   Next: 1%
Magic:  0/9        EV: 18    Int: 15    God:    Ashenzari [*.....]
Gold:   155        SH:  0    Dex: 15    Spells: 3/9 levels left

rFire    . . .     SeeInvis .   a - +2 whip (venom)
rCold    . . .     Gourm    .   (shield restricted)
rNeg     . . .     Faith    .   f - +0 robe
rPois    .         Spirit   .   l - +1 helmet
rElec    .         Reflect  .   (no cloak)
rCorr    .         Harm     .   (no gloves)
MR       .....                  (no boots)
Stlth    ++++......             (no amulet)
Regen    0.2/turn               h - ring of stealth
MPRegen  0.2/turn               j - +2 ring of evasion

@: no status effects
A: mutation resistance 1
a: Curse Item, Scrying, Renounce Religion


You were on level 3 of the Dungeon.
You worshipped Ashenzari.
Ashenzari was aware of your devotion.
You were hungry.

You visited 1 branch of the dungeon, and saw 3 of its levels.

You collected 155 gold pieces.

Inventory:

Hand Weapons
 a - a +2 whip of venom (weapon)
 y - a +0 dagger
Missiles
 p - 3 tomahawks (quivered)
 s - 36 sling bullets
Armour
 f - a +0 robe (worn)
 l - a +1 helmet (worn)
Jewellery
 h - a ring of stealth (left hand)
 j - a +2 ring of evasion (right hand)
Wands
 t - a wand of digging (13/24)
 v - a wand of clouds (2/9)
 A - a wand of random effects (16/48)
Scrolls
 e - a scroll of remove curse
 g - 2 scrolls of amnesia
 m - a scroll of fog
 n - 2 scrolls of magic mapping
 o - a scroll of enchant armour
 q - a scroll of identify {unknown}
 u - a scroll of teleportation
Potions
 k - a potion of curing
 r - 2 potions of cancellation {unknown}
 x - a potion of resistance {unknown}
Books
 b - a book of Air

   Spells                             Type                      Level
   a - Shock                          Conjuration/Air              1
   b - Swiftness                      Charms/Air                   2
   c - Static Discharge               Conjuration/Air              3
   d - Airstrike                      Air                          4
   e - Lightning Bolt                 Conjuration/Air              5
 w - a book of Misfortune

   Spells                             Type                      Level
   a - Confusing Touch                Hexes                        1
   b - Confuse                        Hexes                        3
   c - Gell's Gravitas                Translocation                3
   d - Petrify                        Transmutation/Earth          4
   e - Metabolic Englaciation         Hexes/Ice                    5
   f - Yara's Violent Unravelling     Hexes/Transmutation          5
Comestibles
 c - 3 bread rations
 d - 7 fruits
 i - 3 meat rations
 z - a royal jelly
 B - a chunk of flesh


   Skills:
 + Level 2.6 Short Blades
 + Level 3.8 Dodging
 + Level 3.6 Stealth
 - Level 1.5 Spellcasting
 - Level 0.7 Conjurations
 + Level 0.8 Hexes
 * Level 5.4 Air Magic


You had 3 spell levels left.
You knew the following spells:

 Your Spells              Type           Power        Failure   Level  Hunger
a - Shock                 Conj/Air       ##..         7%          1    ##.....
b - Confuse               Hex            #.......     43%         3    ####...
z - Swiftness             Chrm/Air       #.......     12%         2    ###....


Dungeon Overview and Level Annotations

Branches:
Dungeon (3/15)

Altars:
Ashenzari
Dithmenos
Uskayaw

Annotations:
D:3 Crazy Yiuf


Innate Abilities, Weirdness & Mutations

You are small and have problems with some larger weapons.
You are somewhat resistant to further mutation.


Message History

The floor, spattered with blood.
Unknown command.
Evoke which item? (* to show all) (? for menu, Esc to quit)
Okay, then.
Unknown command.
You are feeling hungry.
You barely miss Crazy Yiuf.
Crazy Yiuf is moderately wounded.
Crazy Yiuf whimpers, "Snower sallow song!"
Crazy Yiuf completely misses you.
You hit Crazy Yiuf.
Crazy Yiuf is heavily wounded.
Crazy Yiuf closely misses you.
Crazy Yiuf hits you with a quarterstaff of chaos!
* * * LOW HITPOINT WARNING * * *
Crazy Yiuf burns you!
* * * LOW HITPOINT WARNING * * *
You feel better.
Crazy Yiuf hits you with a quarterstaff of chaos!
You die...

##....# ♣♣.♣ #.####
##.### ♣.♣♣ #** #
#.# ♣♣.♣♣ #####
#.### ♣...♣♣ ##....
#.#.# ♣....♣ #..###
#.#.# ##..## #..##.
#.#.###....####..##.
#.#.##.#............
#.#@g..#............
#....#####..........
###....#........###.
####.#.##.#...#*#.
#...####.......
##### ########


You could see Crazy Yiuf.

Vanquished Creatures
  The ghost of Overlord the Ruffian, an amateur TrMo (D:3)
  A hound (D:3)
  2 orc wizards (D:3)
  Ijyb (D:3)
  7 adders
  An ooze (D:3)
  A worm (D:2)
  2 dart slugs
  A leopard gecko (D:3)
  5 orcs (D:3)
  8 bats
  2 giant cockroaches
  4 goblins
  12 hobgoblins
  11 jackals
  7 kobolds
  2 quokkas (D:3)
  A ball python (D:1)
  5 frilled lizards
  5 rats
79 creatures vanquished.

Notes
Turn   | Place    | Note
-------+----------+-------------------------------------------
     0 | D:1      | rafael the Halfling Air Elementalist began the quest for the Orb.
     0 | D:1      | Reached XP level 1. HP: 11/11 MP: 3/3
    13 | D:1      | let me go...
    13 | D:1      | life is elsewhere!
   290 | D:1      | Reached XP level 2. HP: 17/17 MP: 1/4
   556 | D:1      | Reached XP level 3. HP: 21/21 MP: 3/5
   613 | D:1      | Learned a level 2 spell: Swiftness
   729 | D:2      | Found a shattered altar of Ashenzari.
   745 | D:2      | Became a worshipper of Ashenzari the Shackled
  1014 | D:2      | Reached skill level 4 in Air Magic
  1031 | D:2      | Reached XP level 4. HP: 27/27 MP: 1/6
  1106 | D:2      | Found a shadowy altar of Dithmenos.
  1204 | D:2      | Learned a level 3 spell: Confuse
  1454 | D:3      | Reached XP level 5. HP: 17/31 MP: 0/7
  1493 | D:3      | Reached skill level 1 in Short Blades
  1868 | D:3      | Noticed a hand axe
  1869 | D:3      | Noticed a dagger
  1872 | D:3      | Found a hide-covered altar of Uskayaw.
  1906 | D:3      | Noticed Ijyb
  1927 | D:3      | Killed Ijyb
  1927 | D:3      | Reached XP level 6. HP: 29/36 MP: 2/8
  2003 | D:3      | Noticed Overlord's ghost (amateur TrMo)
  2022 | D:3      | Killed Overlord's ghost
  2022 | D:3      | Reached skill level 5 in Air Magic
  2126 | D:3      | Reached XP level 7. HP: 30/41 MP: 1/9
  2146 | D:3      | Reached * piety under Ashenzari
  2252 | D:3      | Found a runed door.
  2256 | D:3      | Noticed Crazy Yiuf
  2272 | D:3      | HP: 1/41 [Crazy Yiuf/quarterstaff of chaos (8)]
  2273 | D:3      | Slain by Crazy Yiuf

Skill      XL: |  1  2  3  4  5  6 |
---------------+-------------------+-----
Air Magic      | 4 5 |  5.4
Dodging        | 3 |  3.8
Stealth        | 3 |  3.6
Short Blades   | 1 2 |  2.6
Spellcasting   | |  1.5
Conjurations   | |  0.7
Hexes          | |  0.8

Action                   |  1- 3 |  4- 6 |  7- 9 || total
-------------------------+-------+-------+-------++-------
Melee: Whip              |    35 |    74 |     3 ||   112
 Cast: Shock             |    32 |    70 |     6 ||   108
  Use: Scroll            |       |     6 |       ||     6
       Potion            |       |     4 |     1 ||     5
 Stab: Sleeping          |     3 |    11 |       ||    14
       Distracted        |       |     1 |       ||     1
  Eat: Chunk             |     1 |     6 |       ||     7
Armor: Robe              |     7 |    18 |       ||    25
Dodge: Dodged            |    26 |    79 |     4 ||   109
